[Event "Titled Tuesday Blitz January 17 Early 2023"]
[White "Winkels, Marcel"]
[Black "Garmash, Aliona"]
[WhiteFideId "1003887"]
[BlackFideId "34127620"]
[WhiteElo "1960"]
[BlackElo "2039"]
[Result "1-0"]
[Round "10"]
[TimeControl "180+2"]
[Date "2023.01.17"]
[WhiteClock "0:00:35"]
[BlackClock "0:00:08"]

1. e4 c5 2. Nf3 d6 3. d4 cxd4 4. c3 Nf6 5. Bd3 dxc3 6. Nxc3 g6 7. O-O Bg7 8. Qe2 O-O 9. Bf4 Nc6 10. a3 a6 11. Rac1 Bd7 12. Rfd1 Rc8 13. e5 dxe5 14. Nxe5 Nxe5 15. Bxe5 Bg4 16. f3 Qb6+ 17. Kh1 Be6 18. b4 Rfd8 19. Bxf6 Bxf6 20. Ne4 Bg7 21. Nc5 Bh6 22. Rb1 Ba2 23. Rb2 Bd5 24. Qxe7 Re8 25. Qh4 Bg7 26. Bxg6 hxg6 27. Rxd5 Bxb2 28. h3 Qf6 29. Qf2 b6 30. Nd7 Rc1+ 31. Kh2 Qe6 32. Qxb2 Qxd5 33. Nf6+ Kf8 34. Nxd5 Ree1 35. Qh8# 1-0


[Site "https://www.chess.com"]

[Event "Titled Tuesday Blitz January 17 Early 2023"]
[White "Stead, Kerry"]
[Black "Sovetbekova, Nurai"]
[WhiteFideId "3202577"]
[BlackFideId "13801910"]
[WhiteElo "1908"]
[BlackElo "1764"]
[Result "0-1"]
[Round "10"]
[TimeControl "180+2"]
[Date "2023.01.17"]
[WhiteClock "0:02:37"]
[BlackClock "0:01:58"]

1. d4 Nf6 2. f3 d5 3. e4 dxe4 4. Nc3 exf3 5. Nxf3 g6 6. Bc4 Bg7 7. O-O O-O 8. Qe1 Bg4 9. Qh4 Nc6 10. Ne2 Qd7 11. c3 Rad8 12. Bh6 Bxf3 13. Rxf3 Qg4 14. Qh5 Qxh5 0-1


[Site "https://www.chess.com"]

[Event "Titled Tuesday Blitz January 17 Early 2023"]
[White "Kornyukov, Alexey"]
[Black "Aung Thant Zin"]
[WhiteFideId "4150457"]
[BlackFideId "13000063"]
[WhiteElo "2452"]
[BlackElo "2268"]
[Result "1-0"]
[Round "10"]
[TimeControl "180+2"]
[Date "2023.01.17"]
[WhiteClock "0:01:40"]
[BlackClock "0:00:10"]

1. e4 c5 2. Nf3 Nc6 3. c3 d6 4. d4 cxd4 5. cxd4 Bg4 6. Nc3 Nf6 7. Bb5 a6 8. Ba4 Bd7 9. O-O e6 10. e5 dxe5 11. dxe5 Ng8 12. Ne4 Be7 13. Bg5 Qc7 14. Nd6+ Bxd6 15. exd6 Qa5 16. Bxc6 bxc6 17. Bd2 Qd5 18. Qc2 Nf6 19. Bc3 h6 20. Rad1 Qh5 21. Bxf6 gxf6 22. Qc3 1-0


[Site "https://www.chess.com"]

[Event "Titled Tuesday Blitz January 17 Early 2023"]
[White "Soumya, Swaminathan"]
[Black "Adithya A Chullikkad"]
[WhiteFideId "5016193"]
[BlackFideId "45078734"]
[WhiteElo "2293"]
[BlackElo "2259"]
[Result "0-1"]
[Round "10"]
[TimeControl "180+2"]
[Date "2023.01.17"]
[WhiteClock "0:00:03"]
[BlackClock "0:00:13"]

1. e4 e5 2. Nf3 Nc6 3. Bb5 a6 4. Ba4 Nf6 5. O-O b5 6. Bb3 Bc5 7. c3 d6 8. a4 Bg4 9. h3 Bh5 10. d3 O-O 11. Bg5 Rb8 12. Bh4 Kh8 13. g4 Bg6 14. d4 Bb6 15. Bd5 Qe8 16. Re1 exd4 17. axb5 axb5 18. Bxf6 gxf6 19. cxd4 h5 20. Qd2 hxg4 21. Qh6+ Bh7 22. Qxf6+ Kg8 23. Kh2 Ne7 24. Rg1 Ng6 25. Rxg4 Bxd4 26. Nxd4 Qe5+ 27. Qxe5 dxe5 28. Nf5 Rbd8 29. Nc3 Kh8 30. Rag1 c6 31. Bxc6 Rd2 32. Kg3 b4 33. Nd5 Rxb2 34. Nf6 Rb3+ 35. Kh2 Rb2 36. Nxh7 Kxh7 37. R4g2 Rh8 38. h4 Rb8 39. h5 Nf4 40. Rg7+ Kh8 41. Nh6 Rxf2+ 42. Kh1 Rf3 43. Rg8+ Kh7 44. R8g6 Rh3# 0-1


[Site "https://www.chess.com"]

[Event "Titled Tuesday Blitz January 17 Early 2023"]
[White "Larina, Maria"]
[Black "ritanovikova"]
[WhiteFideId "24113182"]
[WhiteElo "1948"]
[BlackElo "2137"]
[Result "0-1"]
[Round "10"]
[TimeControl "180+2"]
[Date "2023.01.17"]
[WhiteClock "0:00:17"]
[BlackClock "0:00:18"]

1. e4 d5 2. exd5 Qxd5 3. Nc3 Qd6 4. g3 Nf6 5. Bg2 a6 6. d4 Nc6 7. Nge2 Bf5 8. a3 e6 9. Bf4 Qd7 10. O-O O-O-O 11. Be3 Ng4 12. Qd2 Nxe3 13. fxe3 e5 14. d5 e4 15. Rad1 Ne5 16. Qd4 Qd6 17. Rxf5 f6 18. Nxe4 Qd7 19. Bh3 Kb8 20. Kg2 Qb5 21. N2c3 Qa5 22. Rf2 Bc5 23. Qd2 Nc4 24. Qe2 Nxb2 25. Rd3 Bxa3 26. Nb1 Nxd3 27. Qxd3 Bb4 28. c3 Be7 29. Nbd2 Rxd5 30. Qc2 Rhd8 31. Be6 Re5 32. Nc4 Qb5 33. Nxe5 Qxe5 34. Bc4 b5 35. Be2 f5 36. Nd2 Qd5+ 37. Bf3 Qe5 38. Nb3 g5 39. h3 Qxe3 40. Re2 Qd3 41. Qxd3 Rxd3 42. Rxe7 Rxc3 43. Na5 Kc8 44. Bb7+ Kd8 45. Rxh7 c5 46. Bxa6 b4 47. Nc6+ Ke8 48. Re7+ Kf8 49. Re5 b3 50. Rxf5+ Ke8 51. Re5+ Kd7 52. Re2 Kxc6 53. Bd3 Rxd3 54. Rb2 c4 55. h4 gxh4 56. gxh4 Kb5 57. h5 Kb4 58. Rf2 c3 59. h6 Rd8 60. h7 Rh8 61. Rf4+ Ka3 62. Rf7 Kb2 63. Rc7 c2 64. Kf2 Rxh7 65. Rc3 Kxc3 0-1


[Site "https://www.chess.com"]

[Event "Titled Tuesday Blitz January 17 Early 2023"]
[White "Necula, Iulian"]
[Black "Vargas, Mauricio"]
[WhiteFideId "1232380"]
[BlackFideId "4404572"]
[WhiteElo "1851"]
[BlackElo "2035"]
[Result "1-0"]
[Round "10"]
[TimeControl "180+2"]
[Date "2023.01.17"]
[WhiteClock "0:01:00"]
[BlackClock "0:00:01"]

1. d4 d5 2. Nc3 c6 3. Bf4 Bg4 4. f3 Bf5 5. g4 Bg6 6. h4 h5 7. g5 Bf5 8. e3 e6 9. Bd3 Bb4 10. Ne2 Ne7 11. a3 Ba5 12. b4 Bb6 13. Ng3 Bxd3 14. Qxd3 g6 15. Be5 Rg8 16. Na4 Bc7 17. f4 b6 18. O-O Nd7 19. c4 dxc4 20. Qc2 b5 21. Nc3 Nd5 22. Nxd5 cxd5 23. a4 bxa4 24. Rxa4 Bxe5 25. fxe5 Qb6 26. Kh2 Nxe5 27. dxe5 Qxe3 28. Qf2 Qxf2+ 29. Rxf2 Ke7 30. Ne2 Rgc8 31. Nd4 Rc7 32. Rc2 a6 33. b5 a5 34. Nc6+ Ke8 35. Nxa5 Rca7 36. Rca2 Kd7 37. b6 Rb7 38. Nxb7 Kc6 39. Rxa8 Kxb7 40. Rf8 Kxb6 41. Rxf7 d4 42. Rf6 d3 43. Rxe6+ 1-0


[Site "https://www.chess.com"]

[Event "Titled Tuesday Blitz January 17 Early 2023"]
[White "Esipenko, Andrey"]
[Black "Lazavik, Denis"]
[WhiteFideId "24175439"]
[BlackFideId "13515110"]
[WhiteElo "2679"]
[BlackElo "2544"]
[Result "0-1"]
[Round "11"]
[TimeControl "180+2"]
[Date "2023.01.17"]
[WhiteClock "0:00:01"]
[BlackClock "0:00:14"]

1. e4 e5 2. Nf3 Nc6 3. Bb5 Nf6 4. d3 Bc5 5. Bg5 h6 6. Bh4 Nd4 7. Nxd4 Bxd4 8. c3 Bb6 9. Nd2 c6 10. Ba4 d6 11. Bc2 Be6 12. O-O g5 13. Bg3 h5 14. h4 Nd7 15. Nf3 Bg4 16. Qd2 Bxf3 17. gxf3 gxh4 18. Bh2 Qf6 19. f4 O-O-O 20. Kh1 Rhg8 21. Bd1 Qh6 22. Qc1 Nc5 23. Be2 Qf6 24. f5 h3 25. b4 Nd7 26. Bf3 Qh4 27. Qd2 Nf6 28. Bg3 Rxg3 29. fxg3 Qxg3 30. Qh2 Qh4 31. a4 Ng4 32. Qe2 Nf2+ 33. Rxf2 Bxf2 34. Rf1 Bg3 35. d4 h2 36. b5 c5 37. a5 Bf4 38. b6 a6 39. Qc4 Rg8 40. Qxf7 Rg1+ 41. Rxg1 hxg1=Q+ 42. Kxg1 Qe1+ 43. Kg2 Qg3+ 44. Kf1 Qxf3+ 45. Kg1 Qe3+ 0-1


[Site "https://www.chess.com"]

[Event "Titled Tuesday Blitz January 17 Early 2023"]
[White "Babazada, Khazar"]
[Black "Nakamura, Hikaru"]
[WhiteFideId "13413554"]
[BlackFideId "2016192"]
[WhiteElo "2474"]
[BlackElo "2775"]
[Result "0-1"]
[Round "11"]
[TimeControl "180+2"]
[Date "2023.01.17"]
[WhiteClock "0:00:03"]
[BlackClock "0:00:33"]

1. e4 e5 2. Nf3 Nc6 3. Bb5 g6 4. c3 a6 5. Ba4 Bg7 6. d4 exd4 7. cxd4 Nge7 8. Nc3 b5 9. Bc2 d6 10. h3 O-O 11. O-O Na5 12. Re1 c5 13. dxc5 dxc5 14. e5 Qxd1 15. Rxd1 Nc4 16. Ne4 Bf5 17. g4 Bxe4 18. Bxe4 Ra7 19. a4 b4 20. Rb1 Nxe5 21. Nxe5 Bxe5 22. Be3 Rc7 23. b3 a5 24. Bd3 Nd5 25. Rbc1 Bf4 26. Bxf4 Nxf4 27. Bf1 Re8 28. Rc4 g5 29. h4 h6 30. hxg5 hxg5 31. Rc2 Kg7 32. Bc4 Re4 33. Rcd2 Ng6 34. f3 Rf4 35. Rd5 f6 36. Rf5 Rxf5 37. gxf5 Ne5 38. Be2 Rd7 39. Rc1 Rd5 40. Kf2 Nf7 41. Bc4 Rxf5 42. Rd1 Ne5 43. Bd5 Nxf3 44. Be4 Rf4 45. Rd7+ Kf8 46. Ke3 Ne5 47. Ra7 Ng4+ 0-1


[Site "https://www.chess.com"]

[Event "Titled Tuesday Blitz January 17 Early 2023"]
[White "Predke, Alexandr"]
[Black "Artemiev, Vladislav"]
[WhiteFideId "24107581"]
[BlackFideId "24101605"]
[WhiteElo "2685"]
[BlackElo "2701"]
[Result "0-1"]
[Round "11"]
[TimeControl "180+2"]
[Date "2023.01.17"]
[WhiteClock "0:00:02"]
[BlackClock "0:00:18"]

1. e4 c5 2. Nf3 d6 3. Nc3 a6 4. a4 Nc6 5. d4 cxd4 6. Nxd4 Nf6 7. Be2 g6 8. O-O Bg7 9. Be3 O-O 10. Re1 Na5 11. Nb3 Be6 12. Nxa5 Qxa5 13. Qd2 Rfc8 14. h3 Qb4 15. Rab1 Rc7 16. Bd3 Rac8 17. Red1 Bc4 18. Qe2 e6 19. Bd2 Qc5 20. Bxc4 Qxc4 21. Qxc4 Rxc4 22. f3 d5 23. exd5 Nxd5 24. Nxd5 exd5 25. c3 d4 26. cxd4 Bxd4+ 27. Kf1 Rxa4 28. Be1 Bf6 29. Rd6 Kg7 30. Rb6 Rc7 31. Rd1 Ra2 32. Rb1 Bd4 33. Rb4 Be5 34. Rb6 Ra4 35. Ke2 Rac4 36. Kd3 Rc2 37. Bc3 Bxc3 38. bxc3 R7xc3+ 39. Kd4 Rc7 40. g4 R2c3 41. Ke4 R7c4+ 42. Kd5 Rf4 0-1


[Site "https://www.chess.com"]

[Event "Titled Tuesday Blitz January 17 Early 2023"]
[White "Dardha, Daniel"]
[Black "Bluebaum, Matthias"]
[WhiteFideId "240990"]
[BlackFideId "24651516"]
[WhiteElo "2631"]
[BlackElo "2669"]
[Result "1-0"]
[Round "11"]
[TimeControl "180+2"]
[Date "2023.01.17"]
[WhiteClock "0:00:23"]
[BlackClock "0:00:25"]

1. d4 d5 2. Bf4 e6 3. e3 c5 4. Nf3 Nc6 5. Nbd2 Bd6 6. Bg3 Bxg3 7. hxg3 Qb6 8. dxc5 Qxb2 9. Bd3 Nf6 10. g4 Nxg4 11. Rxh7 Rxh7 12. Bxh7 g6 13. Ng5 Nf6 14. Rb1 Qe5 15. Ndf3 Qc3+ 16. Kf1 Kf8 17. Rb3 Qc4+ 18. Kg1 Kg7 19. Qa1 Qxc5 20. Bg8 Nd8 21. Bxf7 Nxf7 22. Rxb7 Qf8 23. Rxf7+ Qxf7 24. Nxf7 Kxf7 25. Ne5+ Ke7 26. Nxg6+ Kf7 27. Ne5+ Ke7 28. Qd4 Nd7 29. Nxd7 Bxd7 30. Qb4+ Ke8 31. g4 Rc8 32. g5 Rc4 33. Qb8+ Ke7 34. f4 Rxc2 35. Qxa7 Rc4 36. Qa3+ Ke8 37. g6 Rc8 38. Qd6 Rc6 39. Qe5 Ke7 40. Qg5+ Kd6 41. g7 Rc1+ 42. Kf2 Rc2+ 43. Kg3 Rxa2 44. g8=Q Ra6 45. Qb8+ Kc6 46. Qgd8 Kc5 47. Qxd7 Rc6 48. Qxc6+ Kxc6 49. Qe5 d4 50. exd4 Kb7 51. Kg4 Ka8 52. Kg5 Kb7 53. Kf6 Ka8 54. Kxe6 Kb7 55. f5 Ka8 56. f6 Kb7 57. f7 Ka8 58. Qb5 Ka7 59. Kd5 Ka8 60. Kc5 Ka7 61. d5 Ka8 62. d6 Ka7 63. d7 Ka8 64. Kc6 Ka7 65. Qb4 Ka8 66. Qb3 Ka7 67. Qb2 Ka8 68. Qb1 Ka7 69. Qb7# 1-0


[Site "https://www.chess.com"]

[Event "Titled Tuesday Blitz January 17 Early 2023"]
[White "Lenderman, Aleksandr"]
[Black "Sanal, Vahap"]
[WhiteFideId "2021285"]
[BlackFideId "6300545"]
[WhiteElo "2572"]
[BlackElo "2600"]
[Result "0-1"]
[Round "11"]
[TimeControl "180+2"]
[Date "2023.01.17"]
[WhiteClock "0:01:04"]
[BlackClock "0:01:00"]

1. Nf3 d5 2. e3 c6 3. c4 Nf6 4. d4 Bg4 5. cxd5 cxd5 6. Qb3 Bxf3 7. Qxb7 Nbd7 8. gxf3 e6 9. Nc3 Rb8 10. Qxa7 Bb4 11. Qa4 O-O 12. Bd2 e5 13. O-O-O exd4 14. exd4 Qc7 15. Bd3 Rfc8 16. Qc2 Qa5 17. Rde1 Nf8 18. a3 Bd6 19. Kd1 Qb6 20. Bf5 Rc7 21. Bg5 Qxd4+ 22. Ke2 Re8+ 23. Kf1 Rxe1+ 24. Kxe1 Qe5+ 25. Kf1 d4 26. Bxf6 gxf6 27. f4 Qxf4 28. Qe4 dxc3 29. Rg1+ Ng6 30. Bxg6 hxg6 0-1


[Site "https://www.chess.com"]

[Event "Titled Tuesday Blitz January 17 Early 2023"]
[White "Jobava, Baadur"]
[Black "Krzyzanowski, Marcin"]
[WhiteFideId "13601520"]
[BlackFideId "1132199"]
[WhiteElo "2578"]
[BlackElo "2512"]
[Result "0-1"]
[Round "11"]
[TimeControl "180+2"]
[Date "2023.01.17"]
[WhiteClock "0:00:02"]
[BlackClock "0:00:12"]

1. b3 d5 2. Bb2 Bf5 3. d3 e6 4. Nd2 h6 5. e4 Bh7 6. g3 c6 7. Bg2 Nf6 8. Ne2 Nbd7 9. e5 Ng8 10. O-O a5 11. a4 Ne7 12. Re1 Nf5 13. Nf4 Bb4 14. Re2 O-O 15. Nf3 Bc5 16. Qd2 Kh8 17. Rf1 b5 18. Ra1 Qb6 19. g4 Nd4 20. Bxd4 Bxd4 21. c3 Bc5 22. g5 bxa4 23. bxa4 Rg8 24. d4 Be7 25. h4 Bf5 26. Bh3 Bxh3 27. Nxh3 h5 28. g6 fxg6 29. Nf4 Nf8 30. Kh2 Qd8 31. Rg1 Qe8 32. Qd3 Qf7 33. Nxg6+ Nxg6 34. Rxg6 Raf8 35. Kg2 Qf4 36. Re1 Rf5 37. Rh1 Kh7 38. Rg3 g6 39. Rhh3 Rgf8 40. Qe3 Qxe3 41. fxe3 Rb8 42. Kh2 Rb3 43. Rg2 Rxc3 44. Rb2 Kh6 45. Rb7 Rc2+ 46. Kg3 Bb4 0-1


[Site "https://www.chess.com"]

[Event "Titled Tuesday Blitz January 17 Early 2023"]
[White "Andreikin, Dmitry"]
[Black "Kamsky, Gata"]
[WhiteFideId "4158814"]
[BlackFideId "2000024"]
[WhiteElo "2729"]
[BlackElo "2665"]
[Result "1/2-1/2"]
[Round "11"]
[TimeControl "180+2"]
[Date "2023.01.17"]
[WhiteClock "0:00:22"]
[BlackClock "0:01:52"]

1. d4 Nf6 2. c4 e6 3. Nf3 b6 4. e3 Bb7 5. Bd3 c5 6. O-O Be7 7. Nc3 cxd4 8. exd4 Bxf3 9. Qxf3 Nc6 10. Be3 O-O 11. Rac1 d5 12. cxd5 Nb4 13. Bc4 Nbxd5 14. Bxd5 Nxd5 15. Nxd5 Qxd5 16. Qxd5 exd5 17. Rc7 Bd6 18. Rc6 Rfd8 19. Rfc1 f6 20. g3 Kf7 21. Kg2 Ke7 22. Kf3 Kd7 23. Bf4 Bxf4 24. Kxf4 Rac8 25. Rxc8 Rxc8 26. Rxc8 Kxc8 27. Kg4 Kd7 28. b4 a5 29. b5 Ke6 30. Kh5 Kf7 31. g4 Ke7 32. f4 Kf7 33. f5 Kf8 34. g5 Kg8 35. h4 Kh8 36. Kg4 Kg8 37. h5 h6 38. g6 Kf8 39. a4 Ke8 40. Kf4 Kd8 41. Kg4 Ke8 42. Kf4 Kd8 43. Kg4 Ke8 1/2-1/2


[Site "https://www.chess.com"]

[Event "Titled Tuesday Blitz January 17 Early 2023"]
[White "Paravyan, David"]
[Black "Grandelius, Nils"]
[WhiteFideId "4194985"]
[BlackFideId "1710400"]
[WhiteElo "2601"]
[BlackElo "2664"]
[Result "1-0"]
[Round "11"]
[TimeControl "180+2"]
[Date "2023.01.17"]
[WhiteClock "0:00:04"]
[BlackClock "0:00:02"]

1. Nf3 c5 2. e4 e6 3. d4 cxd4 4. Nxd4 Nc6 5. Nxc6 bxc6 6. Bd3 d5 7. O-O Nf6 8. e5 Nd7 9. Re1 Be7 10. Nd2 O-O 11. Nf3 a5 12. c3 Ba6 13. Bc2 Rb8 14. Nd4 Qc7 15. Qh5 g6 16. Qh3 Nxe5 17. Nxe6 fxe6 18. Qxe6+ Rf7 19. Qxe5 Bd6 20. Qe6 Bxh2+ 21. Kh1 Bf4 22. b3 Bxc1 23. Raxc1 Qf4 24. f3 Rf8 25. Rcd1 Bc8 26. Qe5 Qh4+ 27. Kg1 Rf6 28. Rd4 Qh6 29. Qg3 Qg7 30. Rd2 Bf5 31. Bxf5 Rxf5 32. c4 Qc3 33. Rde2 dxc4 34. bxc4 Qxc4 35. Re7 R5f7 36. Rxf7 Rxf7 37. Re8+ Rf8 38. Rxf8+ Kxf8 39. Qb8+ Kf7 40. Qc7+ Kf6 41. Qxa5 Qc1+ 42. Kf2 c5 43. Qd8+ Ke6 44. Qg8+ Kf6 45. Qh8+ Ke6 46. Qg8+ Kf6 47. Qh8+ Ke6 48. Qxh7 Qd2+ 49. Kg1 Qxa2 50. Qg8+ 1-0


[Site "https://www.chess.com"]

[Event "Titled Tuesday Blitz January 17 Early 2023"]
[White "Svane, Rasmus"]
[Black "Bernadskiy, Vitaliy"]
[WhiteFideId "4657101"]
[BlackFideId "14100371"]
[WhiteElo "2623"]
[BlackElo "2592"]
[Result "1-0"]
[Round "11"]
[TimeControl "180+2"]
[Date "2023.01.17"]
[WhiteClock "0:00:06"]
[BlackClock "0:00:01"]

1. Nf3 Nf6 2. g3 g6 3. Bg2 Bg7 4. O-O O-O 5. d4 d5 6. c4 Nc6 7. cxd5 Nxd5 8. e4 Nb6 9. d5 Na5 10. Qe1 Nac4 11. Nc3 c6 12. dxc6 bxc6 13. Qe2 a5 14. Rd1 Qc7 15. Bf4 e5 16. Bc1 Ba6 17. b3 Na3 18. Qb2 Nb5 19. Be3 Rfd8 20. Nxb5 cxb5 21. Rxd8+ Rxd8 22. Rc1 Qd6 23. h4 h6 24. Qc3 Rc8 25. Qxa5 Rxc1+ 26. Bxc1 Bb7 27. Ba3 Qd1+ 28. Kh2 Bxe4 29. Qxb6 Bxf3 30. Qxb5 Kh7 31. Bb2 Bxg2 32. Kxg2 Qc2 33. Ba1 e4 34. Bxg7 e3 35. Qf1 Kxg7 36. Qe1 e2 37. f3 Qxa2 38. b4 Qc4 39. Kf2 g5 40. hxg5 hxg5 41. g4 f6 42. Qb1 Qb5 43. Qb2 1-0


[Site "https://www.chess.com"]

[Event "Titled Tuesday Blitz January 17 Early 2023"]
[White "Rustemov, Alexander"]
[Black "Le, Tuan Minh"]
[WhiteFideId "4119002"]
[BlackFideId "12401153"]
[WhiteElo "2525"]
[BlackElo "2542"]
[Result "1-0"]
[Round "11"]
[TimeControl "180+2"]
[Date "2023.01.17"]
[WhiteClock "0:00:18"]
[BlackClock "0:00:04"]

1. d4 d5 2. Bg5 h6 3. Bh4 c6 4. e3 Qb6 5. b3 e5 6. Nf3 e4 7. Nfd2 Be6 8. c4 Be7 9. Bg3 Nd7 10. Nc3 Ngf6 11. Qc2 O-O 12. Be2 a6 13. O-O Rfe8 14. c5 Qd8 15. b4 Nf8 16. a4 Ng6 17. b5 h5 18. h3 h4 19. Bh2 Qd7 20. bxc6 bxc6 21. Rfb1 Nh7 22. Bf1 Ng5 23. Kh1 Bd8 24. a5 Ra7 25. Rb6 Bc7 26. Bxc7 Qxc7 27. Rxa6 Rxa6 28. Bxa6 Ra8 29. Bf1 Rxa5 30. Rxa5 Qxa5 31. Qb2 Kh7 32. Na2 f5 33. Nb4 Bd7 34. f4 exf3 35. Nxf3 Ne4 36. Nd3 Bc8 37. Nf4 Nxf4 38. exf4 Ba6 39. Bxa6 Qxa6 40. Qc1 Qd3 41. Qe1 Kg8 42. Qxh4 Qe3 43. Kh2 Nf6 44. Qg5 Qe4 45. Ne5 Qxd4 46. Qxf5 Qxc5 47. Qe6+ Kh7 48. Nxc6 d4 49. Ne5 Qc2 50. Qc4 Qe4 51. Qd3 Qxd3 52. Nxd3 Kg6 53. g4 Kf7 54. Kg3 Ke6 55. Kf3 Kd5 56. f5 Kc4 57. Ne5+ Kc3 58. g5 Nd5 59. Ke4 Ne7 60. f6 gxf6 61. gxf6 Nc8 62. Kd5 Nb6+ 63. Ke6 1-0


[Site "https://www.chess.com"]

[Event "Titled Tuesday Blitz January 17 Early 2023"]
[White "Rakhmanov, Aleksandr"]
[Black "Timofeev, Artyom"]
[WhiteFideId "4173708"]
[BlackFideId "4140419"]
[WhiteElo "2632"]
[BlackElo "2567"]
[Result "1/2-1/2"]
[Round "11"]
[TimeControl "180+2"]
[Date "2023.01.17"]
[WhiteClock "0:00:16"]
[BlackClock "0:00:10"]

1. d4 d5 2. c4 e6 3. Nc3 c6 4. e4 Bb4 5. cxd5 exd5 6. e5 Ne7 7. Bd3 O-O 8. Qc2 h6 9. a3 Bxc3+ 10. bxc3 Be6 11. Ne2 Qd7 12. O-O Bf5 13. Ng3 Bxd3 14. Qxd3 f5 15. exf6 Rxf6 16. a4 Na6 17. Ba3 Nf5 18. Rae1 Nd6 19. Nh5 Rf7 20. Qg6 c5 21. Re6 Ne4 22. f3 Nc7 23. Re5 Nd2 24. Bxc5 Nxf1 25. Re7 Qxe7 26. Bxe7 Rxe7 27. Kxf1 Ne8 28. Qf5 Rd8 29. h4 Rf7 30. Qe6 Kf8 31. Kf2 Nf6 32. Nf4 Re8 33. Qd6+ Kg8 34. Kg1 Rd7 35. Qb4 b6 36. Ng6 Rc8 37. Ne5 Rdc7 38. Qd6 Rxc3 39. Qe6+ Kh7 40. Kh2 R3c7 41. Qf5+ Kg8 42. Qe6+ Kh7 43. g4 Re8 44. Qf5+ Kg8 45. g5 hxg5 46. hxg5 Nh7 47. Kg3 Nf8 48. Qh3 Ne6 49. Qh5 Rec8 50. g6 Nf8 51. Nf7 Nxg6 52. Qxg6 Rxf7 53. Qe6 Rd8 54. Qe5 Kf8 55. Qe6 Rf6 56. Qe5 Rdd6 57. f4 Kf7 58. Qh5+ Kf8 59. Qh8+ Kf7 60. Qh5+ Kg8 61. Qe8+ Rf8 62. Qe5 Rfd8 63. Qe7 a6 64. Kg4 b5 65. axb5 axb5 66. Qb7 Rg6+ 67. Kf3 Rf6 68. Qxb5 Kh8 69. Qc5 Rdf8 70. Qc7 Kh7 71. Ke3 Rxf4 72. Qxf4 Rxf4 73. Kxf4 Kh6 74. Ke5 g5 75. Kxd5 g4 76. Ke4 Kg6 77. Kf4 Kf6 78. Kxg4 Ke6 79. Kf4 Kd5 80. Ke3 Kd6 81. Ke4 Ke6 82. d5+ Kd6 83. Kd4 Kd7 84. Ke5 Ke7 85. d6+ Kd7 86. Kd5 Kd8 87. Ke6 Ke8 88. d7+ Kd8 89. Kd6 1/2-1/2


[Site "https://www.chess.com"]

[Event "Titled Tuesday Blitz January 17 Early 2023"]
[White "Kovalenko, Igor"]
[Black "Flores Quillas, Diego Saul Rodri"]
[WhiteFideId "14117908"]
[BlackFideId "3822508"]
[WhiteElo "2674"]
[BlackElo "2359"]
[Result "1-0"]
[Round "11"]
[TimeControl "180+2"]
[Date "2023.01.17"]
[WhiteClock "0:00:17"]
[BlackClock "0:00:01"]

1. d4 Nf6 2. Nf3 c5 3. d5 e6 4. c4 exd5 5. cxd5 d6 6. Nc3 g6 7. Nd2 a6 8. a4 Bg7 9. e4 O-O 10. Be2 Re8 11. O-O Nbd7 12. Re1 Qc7 13. Ra3 Ne5 14. h3 g5 15. Nf1 h6 16. Ng3 Ng6 17. Rf1 Nf4 18. Bf3 Ng6 19. Be3 Bd7 20. a5 Rab8 21. Qd2 b5 22. axb6 Rxb6 23. Be2 Reb8 24. Nd1 Rb4 25. f3 Bb5 26. Nf5 Bf8 27. Bxb5 axb5 28. Nf2 Ne5 29. b3 Nfd7 30. Rfa1 Qd8 31. Kh2 Qf6 32. R1a2 Kh7 33. Qe1 Rc8 34. Bd2 Ng6 35. Bc3 Rd4 36. Ng4 Qh8 37. Ra7 Nde5 38. Bxd4 cxd4 39. Ra8 Nxg4+ 40. hxg4 Qe5+ 41. g3 Rc3 42. Kg2 d3 43. Re8 Qh8 44. e5 Rc2+ 45. Rxc2 dxc2 46. Rc8 Nxe5 47. Rxc2 Qf6 48. Qe4 Ng6 49. Qd4 Qd8 50. Qa7 Qe8 51. Kf1 Kg8 52. Qe3 Qa8 53. Rd2 Qa1+ 54. Kg2 b4 55. Qd4 Qc1 56. Qxb4 Ne5 57. Qd4 Qb1 58. b4 h5 59. gxh5 Qxf5 60. Qe4 Qf6 61. b5 Nd7 62. Re2 Nc5 63. Qg4 Bh6 64. b6 1-0


[Site "https://www.chess.com"]

[Event "Titled Tuesday Blitz January 17 Early 2023"]
[White "Dourerassou, Jonathan"]
[Black "Eljanov, Pavel"]
[WhiteFideId "628050"]
[BlackFideId "14102951"]
[WhiteElo "2414"]
[BlackElo "2705"]
[Result "0-1"]
[Round "11"]
[TimeControl "180+2"]
[Date "2023.01.17"]
[WhiteClock "0:00:06"]
[BlackClock "0:00:16"]

1. d4 Nf6 2. Bg5 e6 3. e4 h6 4. Bh4 g5 5. Bg3 Nxe4 6. Nd2 d5 7. Nxe4 dxe4 8. h4 Bg7 9. c3 Nd7 10. hxg5 hxg5 11. Rxh8+ Bxh8 12. Qh5 Bg7 13. Nh3 Bf6 14. Bc4 Nb6 15. Bb3 Bd7 16. O-O-O a5 17. Be5 a4 18. Bc2 Bc6 19. Qh6 Be7 20. d5 Bxd5 21. Bxe4 f6 22. Bh2 Kd7 23. Bxd5 exd5 24. Qh7 Kc6 25. Qf5 Qd7 26. Qd3 Qg4 27. Bg3 Qc4 28. Qe3 Bc5 29. Qe6+ Kb5 30. Bxc7 a3 31. Bxb6 axb2+ 32. Kd2 Rxa2 33. Rb1 Bxb6 34. Qxf6 d4 35. Qf5+ Ka6 36. Qd3 dxc3+ 37. Kc2 Qxd3+ 38. Kxd3 Ra1 39. Kc2 g4 40. Nf4 Bxf2 41. Nd5 Be1 42. Nb4+ Kb5 43. Nd3 Bd2 44. Ne5 g3 45. Nf3 Rxb1 46. Kxb1 Kc4 47. Kc2 b5 48. Ne5+ Kd4 49. Nc6+ Ke3 50. Ne5 Kf2 51. Nd3+ Kxg2 52. Nb4 Kf2 53. Nd5 g2 54. Nf6 g1=Q 55. Ne4+ Kg2 0-1


[Site "https://www.chess.com"]

[Event "Titled Tuesday Blitz January 17 Early 2023"]
[White "Seo, Jung Min"]
[Black "Sadhwani, Raunak"]
[WhiteFideId "1734687"]
[BlackFideId "35093487"]
[WhiteElo "2494"]
[BlackElo "2627"]
[Result "0-1"]
[Round "11"]
[TimeControl "180+2"]
[Date "2023.01.17"]
[WhiteClock "0:00:50"]
[BlackClock "0:00:24"]

1. e4 g6 2. d4 Bg7 3. Nc3 d6 4. Be3 c6 5. Qd2 b5 6. h4 Nf6 7. f3 Nbd7 8. g4 Nb6 9. h5 b4 10. Nd1 a5 11. Nh3 gxh5 12. g5 Nfd7 13. Nf4 Rg8 14. Rxh5 Nf8 15. Rh1 Qc7 16. Nf2 Rb8 17. Nh5 Bh8 18. f4 a4 19. Be2 a3 20. b3 c5 21. O-O-O Ne6 22. dxc5 Bc3 23. Qd3 Nxc5 24. Bxc5 Qxc5 25. Ng4 Bb7 26. Nh6 Rf8 27. Rhf1 Rc8 28. e5 Bb2+ 29. Kd2 Bc3+ 30. Kc1 Bb2+ 31. Kd2 Ba6 32. Qxa6 Qc3# 0-1


[Site "https://www.chess.com"]

[Event "Titled Tuesday Blitz January 17 Early 2023"]
[White "Zierk, Steven"]
[Black "Harsh Suresh"]
[WhiteFideId "2034255"]
[BlackFideId "45018464"]
[WhiteElo "2488"]
[BlackElo "2298"]
[Result "1-0"]
[Round "11"]
[TimeControl "180+2"]
[Date "2023.01.17"]
[WhiteClock "0:01:54"]
[BlackClock "0:00:23"]

1. e4 c6 2. d4 d5 3. exd5 cxd5 4. Bd3 Nc6 5. c3 Nf6 6. Bf4 Bg4 7. Qb3 Qd7 8. Nd2 e6 9. Ngf3 Bd6 10. Bxd6 Qxd6 11. O-O O-O 12. Rae1 Rab8 13. Ne5 Bh5 14. Qc2 Bg6 15. Nxg6 hxg6 16. Nf3 b5 17. a3 a5 18. b4 axb4 19. axb4 Rfc8 20. Qd2 Ne7 21. Ne5 Qc7 22. Re3 Qxc3 23. Qxc3 Rxc3 24. Bxg6 Rxe3 25. Bxf7+ Kf8 26. fxe3 Nf5 27. Bxe6 Nxe3 28. Rf3 Nc2 29. Nd7+ Ke7 30. Nxb8 Kxe6 31. Nc6 Ne4 32. Rb3 Kd6 33. Rb2 Na3 34. Na7 Nc3 35. Rb3 Nab1 36. Nxb5+ Nxb5 37. Rxb1 Nxd4 38. b5 Ne2+ 39. Kf2 Nc3 40. Rb3 Ne4+ 41. Ke3 Nc5 42. Rb1 Kc7 43. Kd4 Na4 44. Rb4 Nb6 45. Kc5 g5 46. Rg4 Nd7+ 47. Kd4 Kd6 48. Rxg5 Nf6 49. Rg6 Ke6 50. Rxf6+ Kxf6 51. b6 Kf5 52. b7 Kf4 53. b8=Q+ Kg4 54. Qe5 Kh4 55. Qg7 Kh5 56. Ke5 d4 57. Kf5 d3 58. Qg5# 1-0


[Site "https://www.chess.com"]